 Dungeon Crawl Stone Soup version 0.17-a0-737-gf0a300a (webtiles) character file.

132 Ngotmuk the Shield-Bearer (level 4, -8/44 HPs)
             Began as a Deep Dwarf Fighter on Apr 27, 2015.
             Killed by divine providence
             ... invoked by an orc priest
              (10 damage)
             ... on level 3 of the Dungeon.
             The game lasted 00:03:14 (1513 turns).

Ngotmuk the Shield-Bearer (Deep Dwarf Fighter)      Turns: 1513, Time: 00:03:15

Health: -8/44      AC:  9    Str: 20    XL:     4   Next: 92%
Magic:  13/13      EV:  5    Int:  9    God:
Gold:   104        SH:  9    Dex: 12    Spells: 0 memorised, 3 levels left

rFire  . . .     SeeInvis .     a - +0 war axe
rCold  . . .     Clarity  .     h - +0 chain mail
rNeg   . . .     SustAb   .     c - +0 shield
rPois  .         Gourm    .     (no helmet)
rElec  .         Spirit   .     (no cloak)
rCorr  .         Warding  .     (no gloves)
rMut   .         Stasis   .     (no boots)
MR     .....                    (no amulet)
Stlth  ..........               (no ring)
                                q - ring of magical power

@: non-regenerating, not resistant to hostile enchantments, extremely unstealthy
A: damage resistance, recharge devices, sense surroundings 1, slow healing 3
a: Device Recharging


You were on level 3 of the Dungeon.
You were hungry.

You visited 1 branch of the dungeon, and saw 3 of its levels.

You collected 104 gold pieces.

Inventory:

Hand weapons
 a - a +0 war axe (weapon)
Armour
 c - a +0 shield (worn)
 h - a +0 chain mail (worn)
Jewellery
 q - a ring of magical power (left hand)
Magical devices
 e - a wand of heal wounds (5)
Scrolls
 b - a scroll of magic mapping {unknown}
 g - a scroll of fog {unknown}
 j - a scroll of remove curse {unknown}
 l - a scroll of enchant armour {unknown}
 n - a scroll of random uselessness {unknown}
 o - 2 scrolls of teleportation {unknown}
 r - a scroll of identify {unknown}
Potions
 d - a potion of might
 i - a potion of beneficial mutation {unknown}
 k - a potion of magic {unknown}
Comestibles
 f - 4 bread rations
 m - a royal jelly
 p - 6 fruits
 s - a beef jerky


   Skills:
 * Level 3.7 Fighting
 * Level 3.6 Axes
 + Level 3.9 Armour
 + Level 3.9 Shields


You had 3 spell levels left.
You didn't know any spells.

Dungeon Overview and Level Annotations

Branches:
Dungeon (3/15)

Altars:


Innate Abilities, Weirdness & Mutations

You are resistant to damage.
You can recharge devices by infusing magical energy.
You passively map a small area around you.
You do not heal naturally.


Message History

* * * LOW HITPOINT WARNING * * *
You block the worker ant's attack.
You hit the worker ant.
The worker ant is moderately wounded.
You block the worker ant's attack.
You slash the worker ant!
You kill the worker ant!
You block the quokka's attack.
You miss the quokka.
The orc priest prays to Beogh.
You feel a wave of unholy energy pass over you.
The quokka bites you but does no damage.
The quokka bites you.
You completely miss the quokka.
The quokka bites you but does no damage.
You slash the quokka!
You kill the quokka!
The orc priest calls down the wrath of Beogh upon you.
Something smites you!
You die...

* .## * * # ..# ..#
*#.## , . ,
#.######..## ... ,*
#.##.......# ....,,
#.##.......# * ....o,
#.##.......# #.
.....oo###.##.......##
#. * #†@.....####...#
#. #.......# #.#.###.
#.?.....# #.......
#.......# #.##.##.
#.......# #..†....
#.......# #..##.##
#....)..#..... #.##
#.......#.##.# #.##
####..... #.* #.##


You could see 2 orc priests and an orc.

Vanquished Creatures
  A hound (D:3)
  A worker ant (D:3)
  2 adders (D:2)
  An ooze (D:3)
  A worm (D:2)
  An orc (D:3)
  12 bats
  5 giant cockroaches
  6 hobgoblins
  4 jackals (D:2)
  2 quokkas
  3 giant geckos
  4 giant newts
  3 goblins
  2 kobolds (D:1)
  9 rats
57 creatures vanquished.

Notes
Turn   | Place    | Note
--------------------------------------------------------------
     0 | D:1      | Ngotmuk, the Deep Dwarf Fighter, began the quest for the Orb.
     0 | D:1      | Reached XP level 1. HP: 20/20 MP: 1/1
   165 | D:1      | Reached XP level 2. HP: 27/27 MP: 2/2
   944 | D:2      | Reached XP level 3. HP: 21/34 MP: 3/3
  1273 | D:2      | Reached XP level 4. HP: 21/42 MP: 4/4
  1508 | D:3      | HP: 2/43 [worker ant (1)]
  1513 | D:3      | Killed from afar by an orc priest

Action                   |  1- 3 |  4- 6 || total
-------------------------+-------+-------++-------
Melee: War axe           |   149 |    37 ||   186
  Eat: Beef jerky        |     1 |       ||     1
